 Dungeon Crawl Stone Soup version 0.29.0-4-gdea44cf6ec (webtiles) character file.

Game seed: 4558490321418886216

209 qw the Chopper (level 6, 0/47 HPs)
             Began as a Formicid Cinder Acolyte on Sept 3, 2022.
             Was a Priest of Ignis.
             Slain by an ogre
             ... wielding a +0 giant club
              (17 damage)
             ... on level 4 of the Dungeon.
             The game lasted 00:01:59 (4168 turns).

qw the Chopper (Formicid Cinder Acolyte)            Turns: 4168, Time: 00:02:00

Health: 0/47       AC: 13    Str: 21    XL:     6   Next: 12%
Magic:  7/7        EV: 10    Int: 13    God:    Ignis [***...]
Gold:   95         SH:  0    Dex:  9    Spells: 7/7 levels left

rFire   + . .      SeeInvis +   Y - -1 hand axe (freeze)
rCold   . . .      Faith    .   (no shield)
rNeg    . . .      Spirit   .   f - +0 scale mail
rPois   .          Reflect  .   (helmet unavailable)
rElec   .          Harm     .   (no cloak)
rCorr   .          Rampage  .   (no gloves)
Will    .....                   (no boots)
Stlth   ..........              (no amulet)
HPRegen 0.15/turn               (no ring)
MPRegen 0.10/turn               (no ring)

@: fiery-armoured
A: permanent stasis, dig shafts and tunnels, antennae 3, four strong arms
a: Dig, Shaft Self, Renounce Religion, Fiery Armour, Foxfire Swarm, Rising Flame


You were on level 4 of the Dungeon.
You worshipped Ignis.
Ignis was most pleased with you.
You visited 1 branch of the dungeon, and saw 4 of its levels.

You collected 95 gold pieces.


Innate Abilities, Weirdness & Mutations

You cannot be hasted, slowed, berserked, paralysed or teleported.
You can dig through walls and to a lower floor.
You have a pair of large antennae on your head. (SInv)
Your four strong arms can wield two-handed weapons with a shield.


   Skills:
 + Level 3.3 Fighting
 - Level 6.0 Axes
 - Level 1.0 Armour
 - Level 1.0 Dodging
 - Level 1.1 Spellcasting
 - Level 3.0 Fire Magic


You had 7 spell levels left.
You didn't know any spells.
Your spell library contained the following spells:

 Spells                   Type           Power      Damage    Failure   Level
 Scorch                   Fire           16%        2d6       34%         2

Inventory:

Hand Weapons
 i - a +0 flail
 Y - a -1 hand axe of freezing (weapon)
Armour
 f - a +0 scale mail (worn)
Scrolls
 a - a scroll of identify
 e - a scroll of enchant armour
Potions
 b - a potion of curing {unknown}
 c - a potion of degeneration {unknown}
 d - a potion of attraction {unknown}
 g - 2 potions of heal wounds
 h - a potion of cancellation {unknown}

Dungeon Overview and Level Annotations

Branches:
Dungeon (4/15)
 Temple: D:4-7

Altars:
Okawaru

Shops:
D:1 *


Message History

You kill the orc!
The orc completely misses you.
You slash the orc wizard! You freeze the orc wizard.
The orc wizard is almost dead.
You hit the orc. You freeze the orc.
You kill the orc!
The orc wizard hits you but does no damage.
The orc wizard is burned by your cloak of flames.
You kill the orc wizard!
The orc hits you but does no damage.
Your Axes skill increases to level 6!
You have reached level 6!
You hit the giant cockroach but do no damage.
The giant cockroach closely misses you.
The orc hits you from afar with a +0 trident.
You hit the giant cockroach but do no damage.
You punch the giant cockroach.
The giant cockroach is severely wounded.
The giant cockroach barely misses you.
The orc hits you from afar with a +0 trident.
You hit the giant cockroach but do no damage.
The giant cockroach is severely wounded.
The giant cockroach bites you but does no damage.
The giant cockroach closely misses you. The orc barely misses you.
You closely miss the giant cockroach.
The giant cockroach is severely wounded.
You hit the ogre. You freeze the ogre. The giant cockroach closely misses you.
The ogre hits you with a +0 giant club!!
Ouch! That really hurt!
The ogre is burned by your cloak of flames.
The ogre is lightly wounded.
The orc closely misses you.
You slash the giant cockroach! You freeze the giant cockroach.
You kill the giant cockroach!
You hit the ogre. You freeze the ogre. The orc hits you but does no damage.
You hit the ogre. You freeze the ogre.
The ogre is moderately wounded.
The ogre hits you with a +0 giant club!
You die...

##.[.....###.
#........... #
#..........##.
.............
.....?.....#
#....o....#
......O)..#
......)@<.#
......)...#
..........#
..........#
.........##
..........
...####... ###
.....


You could see an ogre and an orc.

Vanquished Creatures
  An orc priest (D:3)
  An orc wizard (D:4)
  Robin (D:3)
  3 gnolls
  An adder (D:2)
  2 worms (D:2)
  A dart slug (D:3)
  11 orcs
  5 ball pythons
  5 bats
  5 endoplasms (D:1)
  4 giant cockroaches
  8 goblins
  9 hobgoblins
  7 jackals
  9 kobolds
  4 frilled lizards (D:3)
  4 rats
81 creatures vanquished.

Vanquished Creatures (others)
  8 plants (D:2)
8 creatures vanquished.

Grand Total: 89 creatures vanquished

Notes
Turn   | Place    | Note
-------+----------+-------------------------------------------
     0 | D:1      | qw the Formicid Cinder Acolyte began the quest for the Orb.
     0 | D:1      | Reached XP level 1. HP: 18/18 MP: 2/2
     0 | D:1      | 0 ||| qw: Version: 0.1-a-102-g441f92d
     0 | D:1      | 0 ||| qw: Game counter: 5126
     0 | D:1      | 0 ||| qw: Always use a shield: true
     0 | D:1      | 0 ||| qw: God list: Okawaru
     0 | D:1      | 0 ||| qw: Allow faded altars: false
     0 | D:1      | 0 ||| qw: Do Orc after D:15 true
     0 | D:1      | 0 ||| qw: Do second Lair branch before Depths: true
     0 | D:1      | 0 ||| qw: Lair rune preference: random
     0 | D:1      | 0 ||| qw: Plans: Normal
     0 | D:1      | 0 ||| PLANNING D:1-11
   239 | D:1      | Reached XP level 2. HP: 17/24 MP: 3/3
   441 | D:1      | Found Rankuegg's General Store.
   450 | D:1      | 450 ||| SHOPLISTING 3 scrolls of enchant weapon (225 gold,
                  | have 6).
   450 | D:1      | 450 ||| SHOPLISTING ring of protection from fire (250 gold,
                  | have 6).
   450 | D:1      | 450 ||| SHOPLISTING scroll of enchant weapon (75 gold, have
                  | 6).
   450 | D:1      | 450 ||| SHOPLISTING scroll of identify (20 gold, have 6).
   769 | D:1      | 769 ||| INVOKING Fiery Armour.
  1096 | D:1      | 1096 ||| INVOKING Fiery Armour.
  1097 | D:1      | Reached skill level 4 in Axes
  1097 | D:1      | Reached XP level 3. HP: 15/29 MP: 4/4
  1372 | D:1      | 1372 ||| UPGRADING to +0 scale mail.
  1382 | D:1      | 1382 ||| DROPPING +0 robe.
  1383 | D:1      | 1383 ||| READING 4 scrolls labelled SASAETIPIF.
  1384 | D:1      | 1384 ||| READING 3 scrolls labelled VECRIWA ICIO.
  1385 | D:1      | 1385 ||| READING scroll labelled KILIAN EBBAAFF.
  1386 | D:1      | 1386 ||| READING 3 scrolls of identify.
  1386 | D:1      | 1386 ||| IDENTIFYING fuming coppery potion
  1387 | D:1      | 1387 ||| READING 2 scrolls of identify.
  1387 | D:1      | 1387 ||| IDENTIFYING lumpy brown potion
  1388 | D:1      | 1388 ||| DROPPING 2 scrolls of amnesia.
  1389 | D:1      | 1389 ||| DROPPING potion of lignification.
  1478 | D:2      | 1478 ||| Stepping ~*~*~tactically~*~*~ (stealth).
  1491 | D:2      | Reached skill level 1 in Armour
  1492 | D:2      | 1492 ||| Stepping ~*~*~tactically~*~*~ (stealth).
  1495 | D:2      | 1495 ||| FLEEEEING.
  1496 | D:2      | 1496 ||| STAIRDANCE
  1735 | D:2      | 1735 ||| INVOKING Fiery Armour.
  1882 | D:2      | Identified the +8 dagger "Tonasoav" {vorpal, rC+ Will+
                  | Int+3}
  1883 | D:2      | 1883 ||| Stepping ~*~*~tactically~*~*~ (stealth).
  2183 | D:2      | Reached XP level 4. HP: 29/35 MP: 5/5
  2727 | D:2      | 2727 ||| READING scroll labelled FOTOOS CAN FOP.
  2728 | D:2      | 2728 ||| READING scroll labelled BAPILAWNUH.
  2782 | D:2      | 2782 ||| DROPPING +0 club.
  2783 | D:2      | 2783 ||| READING 2 scrolls of identify.
  2783 | D:2      | 2783 ||| IDENTIFYING fizzy clear potion
  2784 | D:2      | 2784 ||| DROPPING potion of magic.
  2807 | D:3      | 2807 ||| STAIRDANCE
  2812 | D:3      | 2812 ||| STAIRDANCE
  2874 | D:3      | 2874 ||| INVOKING Fiery Armour.
  2876 | D:3      | 2876 ||| STAIRDANCE
  2987 | D:3      | Reached skill level 5 in Axes
  3000 | D:3      | 3000 ||| Stepping ~*~*~tactically~*~*~ (stealth).
  3001 | D:3      | 3001 ||| Stepping ~*~*~tactically~*~*~ (stealth).
  3002 | D:3      | 3002 ||| Stepping ~*~*~tactically~*~*~ (stealth).
  3004 | D:3      | Found an iron altar of Okawaru.
  3041 | D:3      | Reached XP level 5. HP: 36/41 MP: 6/6
  3094 | D:3      | 3094 ||| Stepping ~*~*~tactically~*~*~ (stealth).
  3103 | D:3      | 3103 ||| Stepping ~*~*~tactically~*~*~ (stealth).
  3111 | D:3      | 3111 ||| FLEEEEING.
  3112 | D:3      | 3112 ||| FLEEEEING.
  3113 | D:3      | 3113 ||| STAIRDANCE
  3149 | D:3      | 3149 ||| STAIRDANCE
  3152 | D:2      | Reached skill level 1 in Dodging
  3154 | D:3      | 3154 ||| STAIRDANCE
  3300 | D:2      | 3300 ||| DROPPING +0 whip.
  3312 | D:3      | 3312 ||| FLEEEEING.
  3673 | D:3      | 3673 ||| FLEEEEING.
  3756 | D:3      | 3756 ||| Stepping ~*~*~tactically~*~*~ (stealth).
  3757 | D:3      | 3757 ||| Stepping ~*~*~tactically~*~*~ (stealth).
  3811 | D:3      | 3811 ||| Stepping ~*~*~tactically~*~*~ (stealth).
  3812 | D:3      | 3812 ||| Stepping ~*~*~tactically~*~*~ (stealth).
  3823 | D:3      | 3823 ||| FLEEEEING.
  3824 | D:3      | 3824 ||| FLEEEEING.
  3826 | D:3      | 3826 ||| FLEEEEING.
  3827 | D:3      | 3827 ||| FLEEEEING.
  3829 | D:3      | 3829 ||| FLEEEEING.
  3830 | D:3      | 3830 ||| FLEEEEING.
  3831 | D:3      | 3831 ||| FLEEEEING.
  3832 | D:3      | 3832 ||| STAIRDANCE
  3888 | D:2      | 3888 ||| READING scroll labelled VOGANKIUZA.
  3895 | D:3      | 3895 ||| STAIRDANCE
  3975 | D:3      | 3975 ||| Stepping ~*~*~tactically~*~*~ (stealth).
  3976 | D:3      | 3976 ||| Stepping ~*~*~tactically~*~*~ (stealth).
  3976 | D:3      | Noticed Robin
  3977 | D:3      | 3977 ||| Stepping ~*~*~tactically~*~*~ (hiding).
  3980 | D:3      | 3980 ||| INVOKING Fiery Armour.
  3989 | D:3      | Killed Robin
  4157 | D:4      | 4157 ||| INVOKING Fiery Armour.
  4159 | D:4      | Noticed an ogre
  4163 | D:4      | Reached skill level 6 in Axes
  4163 | D:4      | Reached XP level 6. HP: 44/47 MP: 7/7
  4168 | D:4      | Slain by an ogre

Levels and vault maps discovered:
D:1:      kennysheep_arrival_seaside, layout_basic, serial_shops, shop
D:2:      layout_loops_ring, chequers_big_river
D:3:      layout_rooms, lemuel_tele_altar, uniq_robin
D:4:      minmay_diamond_boxcup, layout_rooms, lemuel_doored_altar,
          roderic_roman_lattice

Skill      XL: |  1  2  3  4  5 |
---------------+----------------+-----
Axes           | 4 5 6 |  6.0
Armour         | 1 |  1.0
Dodging        | 1 |  1.0
Fighting       | |  3.3
Spellcasting   | |  1.1
Fire Magic     | |  3.0

Action                   |  1- 3 |  4- 6 || total
-------------------------+-------+-------++-------
Melee: Hand axe          |   118 |   127 ||   245
       Punch             |     2 |     1 ||     3
Invok: Fiery Armour      |     3 |     3 ||     6
  Use: Scroll            |     5 |     4 ||     9
Armor: Robe              |    21 |       ||    21
       Scale mail        |    23 |    49 ||    72
Dodge: Dodged            |    71 |    71 ||   142

Table legend:
 A = Non-vault XP
 B = Vault XP
 C = Vault XP percentage of total XP
 D = Non-vault monster count
 E = Vault monster count
 F = Vault count percentage of total count
                 A         B        C        D         E       F
            +---------+---------+-------+---------+---------+-------
      Total |     264 |      35 |  11.7 |      70 |      11 |  13.6
            +---------+---------+-------+---------+---------+-------
        D:1 |      33 |       0 |   0.0 |      18 |       0 |   0.0
        D:2 |      67 |       0 |   0.0 |      20 |       0 |   0.0
        D:3 |     118 |      35 |  22.9 |      27 |      11 |  28.9
        D:4 |      46 |       0 |   0.0 |       5 |       0 |   0.0
            +---------+---------+-------+---------+---------+-------
